 Dungeon Crawl Stone Soup version 0.31-a0-365-gcf821cafb2 (webtiles) character file.

Game seed: 7213958615479734918

763 IdlyInterested the Trooper (level 7, -1/57 HPs)
             Began as a Demonspawn Gladiator on July 27, 2023.
             Slain by an orc warrior
             ... wielding a +0 halberd
              (8 damage)
             ... on level 5 of the Dungeon.
             The game lasted 00:12:01 (5012 turns).

IdlyInterested the Trooper (Demonspawn Gladiator)   Turns: 5012, Time: 00:12:02

Health: -1/57      AC:  8    Str: 14    XL:     7   Next: 51%
Magic:  7/7        EV:  8    Int: 10    God:
Gold:   234        SH:  0    Dex: 16    Spells: 6/6 levels left

rFire   . . .        a - +0 rapier (venom)
rCold   . . .        (no shield)
rNeg    . . .        l - +0 chain mail
rPois   .            u - melded +0 helmet
rElec   .            (cloak currently unavailable)
rCorr   .            p - melded +0 pair of gloves
SInv    .            (boots currently unavailable)
Will    .....        (no amulet) Stlth
                     (no ring)
HPRegen 0.29/turn    (no ring)
MPRegen 0.10/turn

%: no passive effects
@: confused, mighty, beast-form, ambrosia-drunk
A: beast (slay +1), hooves 1, powered by pain 2
a: Begin Untransformation


You were on level 5 of the Dungeon.
You were a hulking beast.
You visited 1 branch of the dungeon, and saw 5 of its levels.
You also visited: Sewer.

You collected 234 gold pieces.

Inventory:

Hand Weapons
 a - a +0 rapier of venom (weapon)
 b - a +0 war axe
 j - a +0 long sword
 k - a +0 heavy battleaxe
 w - a +0 whip of flaming
Missiles
 d - 3 throwing nets
 i - 30 stones (quivered)
 x - 6 atropa-tipped darts
Armour
 l - a +0 chain mail (worn)
 p - a +0 pair of gloves (melded)
 u - a +0 helmet (melded)
Jewellery
 v - a ring of magical power
Talismans
 g - a beast talisman
Scrolls
 c - a scroll of blinking
 n - a scroll of vulnerability
 r - a scroll of enchant weapon {unknown}
 t - a scroll of enchant armour {unknown}
 y - a scroll of brand weapon
 z - 2 scrolls of fog {unknown}
 B - 2 scrolls of teleportation
 D - a scroll of revelation {unknown}
Potions
 f - a potion of attraction
 o - a potion of invisibility
 q - a potion of enlightenment {unknown}
 s - a potion of might
 A - a potion of brilliance {unknown}
 C - a potion of berserk rage {unknown}
 F - a potion of magic {unknown}


   Skills:
 * Level 5.7 Fighting
 + Level 4.5 Short Blades
 - Level 2.0 Throwing
 * Level 2.2 Armour
 - Level 3.0 Dodging
 - Level 2.0 Stealth
 - Level 2.0 Shapeshifting


You had 6 spell levels left.
You didn't know any spells.
Your spell library contained the following spells:

 Spells                   Type           Power      Damage    Failure   Level
 Poisonous Vapours        Pois/Air       0%         N/A       100%        2
 Mephitic Cloud           Conj/Pois/Air  0%         N/A       100%        3
 Ozocubu's Armour         Ice            0%         N/A       100%        3
 Freezing Cloud           Conj/Ice/Air   0%         6-21      100%        5
 Metabolic Englaciation   Hex/Ice        0%         N/A       100%        5
 Simulacrum               Ice/Necr       0%         N/A       100%        6


Dungeon Overview and Level Annotations

Branches:
Dungeon (5/15)              Sewer (visited)
 Temple: D:4-7

Altars:
Cheibriados
Hepliaklqana
Nemelex Xobeh
Okawaru
Xom

Shops:
D:1 (


Innate Abilities, Weirdness & Mutations

You are a hulking beast.
Your limbs bulge with bestial killing power. (Slay +1)
You have large cloven feet.
You sometimes gain power by taking damage.


Message History

The iguana is almost dead.
The orc wizard hits you but does no damage.
The iguana bites you but does no damage.
The orc warrior hits you from afar with a +0 halberd!
You hit the iguana.
You kill the iguana!
The orc wizard hits you but does no damage.
The orc warrior hits you but does no damage.
You closely miss the orc wizard. Your kick misses the orc wizard.
The orc wizard hits you with a +0 dagger.
The orc warrior barely misses you.
You barely miss the orc wizard. Your kick misses the orc wizard.
The orc wizard barely misses you.
The orc warrior hits you from afar with a +0 halberd!
* * * LOW HITPOINT WARNING * * *
You focus on the pain.
You feel very mighty all of a sudden.
You feel much better.
The orc wizard gestures at you while chanting.
The magic dart hits you.
The orc warrior hits you from afar with a +0 halberd!
You focus on the pain.
You feel mightier all of a sudden.
Throw: javelin
Press: ? - help, Shift-Dir - straight line, f - orc wizard
Aim: an orc wizard, wielding a +0 dagger and wearing a +0 robe (56% to hit)
You throw a javelin.
The javelin closely misses the orc wizard.
The javelin pierces through the orc warrior but does no damage.
The javelin pierces through the orc wizard.
The orc wizard is heavily wounded.
The orc wizard casts a spell at you. The magic dart hits you.
The orc warrior barely misses you.
The orc wizard hits you with a +0 dagger.
The orc warrior hits you from afar with a +0 halberd!
* * * LOW HITPOINT WARNING * * *
You are confused.
You feel invigorated. The orc wizard barely misses you.
The orc warrior hits you from afar with a +0 halberd!
You die...

... .. .###.#
.....# ......
...# .#.. .#
.+
...#.#####.##
.#
(...oooh†...#
##
#.##.#####..#
... .


You could see an orc warrior and 2 orc wizards.

Vanquished Creatures
  An ogre (D:4)
  2 phantoms (D:4)
  2 hounds (D:4)
  An orc priest (D:4)
  4 iguanas
  2 orc wizards
  13 adders
  6 river rats
  5 worms
  7 dart slugs
  5 orcs
  5 ball pythons
  7 endoplasms
  5 giant cockroaches
  6 goblins
  7 hobgoblins
  11 jackals
  3 kobolds
  3 quokkas
  2 bats
  5 frilled lizards
  7 rats
109 creatures vanquished.

Notes
Turn   | Place    | Note
-------+----------+-------------------------------------------
     0 | D:1      | IdlyInterested the Demonspawn Gladiator began the quest for
                  | the Orb.
     0 | D:1      | Reached XP level 1. HP: 16/16 MP: 1/1
   259 | D:1      | Gained mutation: You sometimes gain a little power by
                  | taking damage. [demonic ancestry]
   259 | D:1      | Reached XP level 2. HP: 22/23 MP: 2/2
   608 | D:1      | Found Woymoatt's Antique Weapon Shoppe.
   953 | D:2      | Found a shimmering altar of Xom.
  1067 | D:2      | Reached XP level 3. HP: 21/28 MP: 3/3
  1757 | D:2      | Reached skill level 3 in Fighting
  1757 | D:2      | Reached skill level 1 in Stealth
  2164 | D:3      | Found a hazy altar of Hepliaklqana.
  2206 | D:3      | Gained mutation: You have large cloven feet. [demonic
                  | ancestry]
  2206 | D:3      | Reached XP level 4. HP: 29/35 MP: 4/4
  2220 | D:3      | Found a snail-covered altar of Cheibriados.
  2261 | D:3      | Reached skill level 1 in Shapeshifting
  2701 | D:3      | Reached XP level 5. HP: 19/42 MP: 5/5
  2923 | D:4      | Reached skill level 4 in Fighting
  2923 | D:4      | Reached skill level 1 in Armour
  3116 | D:4      | Found a glowing drain.
  3137 | Sewer    | Entered a sewer
  3219 | Sewer    | Gained mutation: You sometimes gain power by taking damage.
                  | [demonic ancestry]
  3219 | Sewer    | Reached XP level 6. HP: 18/49 MP: 6/6
  3736 | D:4      | Found an iron altar of Okawaru.
  3736 | D:4      | Found a sparkling altar of Nemelex Xobeh.
  4022 | D:4      | Reached skill level 5 in Fighting
  4034 | D:4      | Reached XP level 7. HP: 43/56 MP: 7/7
  4856 | D:5      | Entered Level 5 of the Dungeon
  5012 | D:5      | Slain by an orc warrior

Illustrated notes

Levels and vault maps discovered:
D:1:      ncdulo_wetmaze, layout_basic, serial_shops, shop, solitary_fountain
D:2:      layout_basic, basic_altar
D:3:      layout_basic, mainiacjoe_overflow_catwalk_spiral,
          dreamdust_mushroom_princess
D:4:      layout_basic, nicolae_overflow_squiral, gup_sewer_entry_bubbles
D:5:      minmay_evil_eye, layout_basic, minmay_temple_entry_wispy,
          serial_glass, glass_columns_a, glass_columns_a

Skill      XL: |  1  2  3  4  5  6  7 |
---------------+----------------------+-----
Throwing       | 2 |  2.0
Dodging        | 3 |  3.0
Short Blades   | 3 4 |  4.5
Fighting       | 3 4 5 |  5.7
Stealth        | 1 2 |  2.0
Shapeshifting  | 1 2 |  2.0
Armour         | 1 2 |  2.2

Action                     |  1- 3 |  4- 6 |  7- 9 || total
---------------------------+-------+-------+-------++-------
  Melee: Rapier            |   151 |   234 |    54 ||   439
         Punch             |     2 |     3 |       ||     5
         Kick              |       |    66 |    16 ||    82
  Throw: Javelin           |       |       |     1 ||     1
    Use: Scroll            |     4 |     6 |       ||    10
         Potion            |       |     1 |     2 ||     3
   Stab: Sleeping          |     1 |       |       ||     1
 Armour: Leather armour    |     7 |       |       ||     7
         Chain mail        |    63 |   112 |    27 ||   202
  Dodge: Dodged            |    61 |    77 |    31 ||   169
   Form: Beast             |     2 |       |     2 ||     4
                           |     1 |       |     2 ||     3

Table legend: (Time is in decaauts)
 A = Elapsed time spent in this place.
 B = Non-inter-level travel time spent in this place.
 C = Inter-level travel time spent in this place.
 D = Time resting spent in this place.
 E = Time spent auto-exploring this place.
 F = Levels seen in this place.
 G = Mean time per level.
                   A        B        C        D        E       F      G
               +--------+--------+--------+--------+--------+-----+--------+
         Total |   5114 |   4432 |    682 |    735 |   2360 |   6 |  852.3 |
       Dungeon |   4620 |   3938 |    682 |    600 |   2209 |   5 |  924.0 |
         Sewer |    493 |    493 |      0 |    135 |    150 |   1 |  493.0 |
               +--------+--------+--------+--------+--------+-----+--------+

Top non-repeatable levels by time:
     D:4: 1528 daAuts
     D:1: 1177 daAuts
     D:2: 966 daAuts
     D:3: 906 daAuts
   Sewer: 493 daAuts
     D:5: 42 daAuts
